Map: Orbital Shipyard

Players

Daethan

  • Race: Zerg Zerg

Manta - Winner!

  • Race: Zerg Zerg
  • League: Silver

VOD

Have the link to the VOD?

Description

Time

  • Played on: Feb. 16, 2016, 5:40 p.m.
  • Length: 16:22
Show
View Real Time Build Order
Export as new Build Order

Daethan Zerg 

Build Orders: Hatch First 

Get SALT Encoding   

  12  0:02  Drone  
  13  0:09  Drone  
  14  0:34  Hatchery  
  13  0:36  Drone  
  14  0:55  Spawning Pool  
  14  0:57  Drone  
  14  1:09  Drone, Extractor  
  14  1:12  Overlord  
  14  1:32  Drone x3  
  17  1:42  Queen  
  17  1:44  Zergling x2  
  20  1:52  Queen  
  22  1:56  Zergling x2  
  23  2:01  Zergling x2  
  24  2:15  Metabolic Boost  
  24  2:17  Zergling x6  
  22  3:02  Zergling x4  
  22  3:03  Zergling x6  
  27  3:13  Roach Warren  
  25  3:20  Spine Crawler  
  25  3:24  Spine Crawler  
  23  3:32  Overlord x2  
  23  3:50  Drone x2  
  23  3:52  Drone x4  
  29  4:00  Roach x2  
  31  4:32  Roach  
  31  4:33  Roach  
  31  4:35  Lair  
  31  4:36  Overlord x2  
  35  5:01  Drone x7  
  35  5:02  Drone  
  43  5:12  Extractor  
  42  5:26  Queen  
  42  5:28  Roach x4  
  52  5:31  Overlord x2  
  52  5:52  Drone x5  
  52  5:53  Drone x5  
  62  6:11  Spire  
  61  6:19  Extractor x2  
  61  6:22  Drone x4  
  61  6:24  Roach x2  
  67  6:32  Glial Reconstitution  
  67  6:59  Drone  
  67  7:00  Overlord  
  67  7:01  Overlord x2  
  68  7:23  Mutalisk x2  
  68  7:24  Mutalisk x2  
  74  7:30  Drone x4  
  77  7:48  Mutalisk x2  
  81  7:51  Drone  
  82  8:06  Mutalisk x2  
  86  8:16  Mutalisk  
  86  8:19  Zergling x2  
  89  8:20  Zergling x6  
  89  8:26  Overseer  
  92  8:46  Overlord x7  
  92  8:47  Overlord x2  
  92  9:29  Mutalisk x4  
  92  9:30  Mutalisk x2  
  86  9:51  Roach x2  
  87  9:56  Spore Crawler  
  75  10:02  Spore Crawler  
  75  10:05  Spore Crawler  
  63  10:08  Hydralisk Den  
  62  10:16  Mutalisk  
  62  10:17  Mutalisk x4  
  72  10:24  Queen x2  
  76  10:37  Hydralisk x3  
  76  10:39  Hydralisk x2  
  76  10:40  Hatchery  
  85  10:59  Queen  
  87  11:07  Hydralisk x2  
  87  11:08  Hydralisk x5  
  101  11:33  Hatchery  
  101  11:39  Hydralisk x4, Roach  
  106  11:40  Hydralisk  
  112  11:47  Pneumatized Carapace  
  100  12:21  Mutalisk  
  100  12:22  Mutalisk x3  
  108  12:24  Hatchery  
  107  12:46  Spore Crawler  
  107  12:49  Spore Crawler  
  105  13:00  Spore Crawler  
  105  13:02  Mutalisk  
  105  13:03  Mutalisk x3  
  105  13:05  Zergling x6  
  115  13:14  Evolution Chamber  
  115  13:17  Zerg Flyer Armor Level 1  
  114  13:22  Evolution Chamber  
  114  13:23  Mutalisk  
  114  13:24  Zergling x2  
  114  13:25  Zergling x4  
  118  13:40  Mutalisk x2  
  97  14:12  Zergling x4  
  97  14:13  Zergling x14  
  97  14:14  Zergling x2  
  101  14:34  Zergling x8  
  105  15:04  Zergling x2  
  105  15:05  Zergling x8  
  44  15:35  Zergling x12  
  33  15:50  Zergling x2  
Show
View Real Time Build Order
Export as new Build Order

Manta Zerg - Winner!

Build Orders: Pool First 

Get SALT Encoding   

  12  0:01  Drone  
  13  0:14  Overlord  
  13  0:19  Extractor  
  12  0:34  Spawning Pool  
  11  0:37  Drone  
  12  0:45  Drone  
  13  0:52  Drone  
  15  0:57  Drone  
  15  1:21  Zergling x4  
  15  1:22  Zergling x2  
  15  1:23  Metabolic Boost  
  18  1:33  Queen  
  20  1:43  Baneling Nest  
  19  1:47  Zergling x2  
  19  1:51  Zergling x2  
  21  1:59  Overlord  
  21  2:06  Drone  
  22  2:29  Baneling x2  
  22  2:35  Baneling  
  23  2:37  Drone x3  
  21  3:10  Hatchery  
  20  3:22  Zergling x4  
  20  3:23  Zergling x2  
  20  3:24  Baneling  
  20  3:25  Hatchery  
  22  3:42  Drone x2  
  24  3:51  Lair  
  24  3:54  Extractor  
  24  3:55  Drone x3  
  25  4:33  Baneling x2  
  25  4:35  Zergling x8  
  25  4:36  Drone x4  
  33  4:41  Queen  
  33  4:44  Queen  
  37  5:03  Drone  
  37  5:04  Drone, Overlord  
  37  5:06  Zergling x4  
  41  5:08  Baneling x2  
  41  5:31  Drone x3, Spire  
  41  5:32  Drone x2  
  45  5:36  Extractor  
  45  5:38  Drone, Extractor  
  45  5:41  Drone  
  45  6:00  Drone x4  
  45  6:01  Overlord  
  49  6:04  Overlord  
  49  6:21  Evolution Chamber  
  49  6:23  Drone x6  
  49  6:24  Drone x2  
  49  6:25  Drone  
  57  6:37  Spine Crawler  
  56  6:51  Extractor  
  56  6:52  Drone x2, Extractor  
  56  6:53  Drone x7  
  63  7:04  Mutalisk  
  63  7:07  Overlord x2  
  63  7:08  Overlord  
  64  7:34  Mutalisk x6  
  64  7:35  Mutalisk x3  
  82  7:38  Drone x2  
  82  7:39  Drone  
  85  7:45  Zerg Ground Armor Level 1  
  85  7:55  Zerg Flyer Armor Level 1  
  85  7:57  Drone x2  
  85  7:58  Drone x3  
  90  8:02  Overlord x2  
  90  8:10  Spore Crawler, Overlord x2  
  89  8:14  Spore Crawler  
  88  8:22  Spore Crawler  
  87  8:28  Mutalisk x4  
  87  8:33  Overlord x2  
  96  8:48  Drone x3  
  96  8:52  Overlord x2  
  98  9:09  Drone x2  
  100  9:10  Spore Crawler  
  99  9:23  Queen  
  90  9:54  Mutalisk x6  
  90  9:55  Mutalisk x7  
  90  9:57  Zergling x8  
  90  9:58  Zergling x8  
  117  10:15  Drone x4  
  117  10:16  Drone  
  117  10:19  Zerg Flyer Weapons Level 1  
  122  10:26  Overlord x3  
  122  10:39  Hatchery  
  121  10:44  Overlord x4  
  121  11:01  Mutalisk x2  
  121  11:02  Mutalisk x3  
  121  11:03  Zergling x10  
  136  11:22  Queen  
  138  11:25  Extractor  
  138  11:26  Hatchery  
  138  11:27  Spire  
  135  11:35  Mutalisk x4  
  135  11:36  Zergling x6  
  135  11:37  Zergling x2  
  135  11:38  Overlord x4, Extractor  
  140  12:12  Zerg Flyer Armor Level 2  
  140  12:19  Infestation Pit  
  140  12:20  Mutalisk x4  
  140  12:21  Mutalisk x2  
  151  12:24  Zergling x6  
  151  12:25  Zergling x6  
  151  12:28  Queen  
  159  12:42  Zerg Flyer Weapons Level 2  
  159  12:49  Drone x3  
  159  12:50  Drone x5  
  167  12:56  Drone  
  167  12:57  Drone x2  
  167  12:58  Mutalisk x4  
  170  13:01  Hatchery, Zergling x4  
  170  13:02  Zergling x12  
  185  13:07  Hive  
  185  13:13  Queen  
  187  13:21  Hatchery  
  187  13:26  Mutalisk x3  
  187  13:27  Mutalisk  
  188  13:28  Zergling x12  
  190  14:40  Drone x5  
  190  14:41  Drone x2  
  197  15:05  Extractor  
  196  15:07  Ultralisk Cavern  
  181  15:27  Mutalisk x6  
  181  15:28  Mutalisk x7  
  177  15:29  Zergling x8  
  177  15:30  Zergling x12  
  193  16:04  Overlord  
Tags
 
Add a new tag
Caveats
  • Supply blocks, unpowered buildings, or Contaminate may cause inaccurate times.
  • Supply counts are checked every 10 seconds.